 Dungeon Crawl Stone Soup version 0.29-a0-398-ge13fd1374b (webtiles) character file.

Game seed: 9549013093037977486

251 jlumianski the Shield-Bearer (level 5, 0/41 HPs)
             Began as a Demonspawn Fighter on May 12, 2022.
             Slain by an ice beast (10 damage)
             ... on level 2 of the Dungeon.
             The game lasted 00:06:32 (1875 turns).

jlumianski the Shield-Bearer (Demonspawn Fighter)   Turns: 1875, Time: 00:06:32

Health: 0/41       AC:  9    Str: 18    XL:     5   Next: 88%
Magic:  5/5        EV:  7    Int: 11    God:
Gold:   134        SH:  5    Dex: 13    Spells: 4/4 levels left

rFire   . . .      SeeInvis .   a - +0 war axe
rCold   . . .      Faith    .   c - +0 buckler
rNeg    . . .      Spirit   .   h - +0 chain mail
rPois   .          Reflect  .   (helmet restricted)
rElec   .          Harm     .   (no cloak)
rCorr   .          Rampage  .   (no gloves)
Will    .....                   (no boots)
Stlth   ..........              (no amulet)
HPRegen 0.13/turn               (no ring)
MPRegen 0.09/turn               (no ring)

@: no status effects
A: antennae 2, big brain 1
a: no special abilities


You were on level 2 of the Dungeon.
You visited 1 branch of the dungeon, and saw 3 of its levels.

You collected 134 gold pieces.

Inventory:

Hand Weapons
 a - a +0 war axe (weapon)
 k - a +1 dagger of venom
Missiles
 e - 35 stones (quivered)
Armour
 b - a +0 scale mail
 c - a +0 buckler (worn)
 f - a +0 helmet
 h - a +0 chain mail (worn)
Magical Staves
 o - a staff of air
Scrolls
 g - a scroll of amnesia {unknown}
 j - a scroll of magic mapping {unknown}
 m - 2 scrolls of identify {unknown}
 n - a scroll of brand weapon {unknown}
 p - 2 scrolls of teleportation {unknown}
 q - a scroll of fog {unknown}
 r - a scroll of vulnerability {unknown}
 s - a scroll of noise {unknown}
Potions
 d - a potion of might
 i - a potion of curing {unknown}
 l - a potion of ambrosia {unknown}


   Skills:
 + Level 3.6 Fighting
 + Level 3.6 Axes
 + Level 3.6 Armour
 + Level 0.8 Dodging
 + Level 0.6 Stealth
 + Level 3.7 Shields


You had 4 spell levels left.
You didn't know any spells.
Your spell library contained the following spells:

 Spells                   Type           Power      Damage    Failure   Level
 Summon Small Mammal      Summ           0%         N/A       99%         1
 Call Canine Familiar     Summ           0%         N/A       100%        3
 Summon Guardian Golem    Hex/Summ       0%         N/A       100%        3
 Olgreb's Toxic Radiance  Pois           0%         N/A       100%        4
 Ozocubu's Refrigeration  Ice            0%         4d5       100%        7
 Ignition                 Fire           0%         3d3       100%        8


Dungeon Overview and Level Annotations

Branches:
Dungeon (3/15)

Altars:


Innate Abilities, Weirdness & Mutations

You have a pair of antennae on your head.
You have an unusually large brain. (Int +2)


Message History

You slash the howler monkey!
The howler monkey is almost dead.
The howler monkey hits you but does no damage. x2
You slash the howler monkey!
You kill the howler monkey!
An ice beast and a goblin come into view.
The goblin shouts!
The ice beast hits you but does no damage.
You hit the ice beast but do no damage.
The ice beast hits you but does no damage.
The ice beast hits you. The ice beast freezes you!
You hit the ice beast but do no damage.
The ice beast hits you but does no damage.
You completely miss the ice beast. The ice beast barely misses you.
You hit the ice beast but do no damage. You block the ice beast's attack.
The ice beast hits you. The ice beast freezes you!
* * * LOW HITPOINT WARNING * * *
You hit the ice beast.
The ice beast is lightly wounded.
The ice beast closely misses you. The ice beast attacks as you move away!
The ice beast hits you but does no damage.
The ice beast attacks as you move away!
The ice beast hits you but does no damage.
The ice beast attacks as you move away!
The ice beast hits you but does no damage.
The ice beast attacks as you move away!
The ice beast hits you but does no damage.
The ice beast attacks as you move away!
The ice beast hits you but does no damage.
There is a stone staircase leading up here.
You block the ice beast's attack.
You climb upwards.
There is a stone staircase leading down here.
The ice beast attacks as you move away!
The ice beast hits you but does no damage.
The ice beast attacks as you move away! The ice beast hits you.
* * * LOW HITPOINT WARNING * * *
The ice beast freezes you!
You die...

#...###).# #.#.##...######..
###.....####...#..### ##.[.#
###.### #...#..######..###
###[#####..#..###.....##
########...#........##...#####
#..................##..###
..#####.########......##
....###.# #####..#####
........# #....@.# .#..#####
#....Y.# ._### #......# ..##
#.....## ..# #.....# ###
#....># #.....# #.....#
#.....#


You could see an ice beast.

Vanquished Creatures
  Sigmund (D:2)
  A howler monkey (D:3)
  7 endoplasms
  3 giant cockroaches
  6 goblins
  3 hobgoblins
  6 kobolds
  4 quokkas
  2 ball pythons
  9 frilled lizards (D:1)
  4 rats
  A bush (D:2)
47 creatures vanquished.

Vanquished Creatures (others)
  3 plants (D:2)
3 creatures vanquished.

Grand Total: 50 creatures vanquished

Notes
Turn   | Place    | Note
-------+----------+-------------------------------------------
     0 | D:1      | jlumianski the Demonspawn Fighter began the quest for the
                  | Orb.
     0 | D:1      | Reached XP level 1. HP: 18/18 MP: 1/1
   267 | D:1      | Gained mutation: You have a pair of small antennae on your
                  | head. [demonic ancestry]
   267 | D:1      | Reached XP level 2. HP: 24/24 MP: 2/2
  1078 | D:2      | Gained mutation: You have a pair of antennae on your head.
                  | [demonic ancestry]
  1078 | D:2      | Reached XP level 3. HP: 29/29 MP: 3/3
  1112 | D:2      | Found a faded altar of an unknown god.
  1212 | D:2      | Noticed Sigmund
  1219 | D:2      | Killed Sigmund
  1220 | D:2      | Gained mutation: You have an unusually large brain. (Int
                  | +2) [demonic ancestry]
  1220 | D:2      | Reached XP level 4. HP: 26/35 MP: 4/4
  1220 | D:2      | Reached XP level 5. HP: 30/41 MP: 5/5
  1850 | D:3      | Noticed an ice beast
  1875 | D:2      | Slain by an ice beast

Illustrated notes

Levels and vault maps discovered:
D:1:      psy_arrival_radial01, layout_loops_ring, minmay_liquid_box,
          minmay_lizard_pond
D:2:      layout_rooms, serial_forest, infiniplex_forest_lined_2,
          infiniplex_forest_lined_room_, infiniplex_forest_straight_4,
          infiniplex_forest_end_2, infiniplex_forest_corner_2,
          ebering_ecumenical_altar_rust, uniq_sigmund
D:3:      layout_loops_cross, mainiacjoe_overflow_paths, serial_park_tiny_2,
          uniq_terence

Skill      XL: |  1  2  3 |
---------------+----------+-----
Axes           | 2 3 |  3.6
Armour         | 3 |  3.6
Shields        | 3 |  3.7
Fighting       | |  3.6
Dodging        | |  0.8
Stealth        | |  0.6

Action                   |  1- 3 |  4- 6 || total
-------------------------+-------+-------++-------
Melee: War axe           |    89 |   111 ||   200
  Use: Potion            |     1 |       ||     1
Armor: Scale mail        |    18 |       ||    18
       Chain mail        |    20 |    21 ||    41
Dodge: Dodged            |    31 |     9 ||    40
Block: Buckler           |    22 |     6 ||    28

Table legend: (Time is in decaauts)
 A = Elapsed time spent in this place.
 B = Non-inter-level travel time spent in this place.
 C = Inter-level travel time spent in this place.
 D = Time resting spent in this place.
 E = Time spent auto-exploring this place.
 F = Levels seen in this place.
 G = Mean time per level.
                   A        B        C        D        E       F      G
               +--------+--------+--------+--------+--------+-----+--------+
         Total |   1956 |   1911 |     45 |      0 |   1147 |   3 |  652.0 |
       Dungeon |   1956 |   1911 |     45 |      0 |   1147 |   3 |  652.0 |
               +--------+--------+--------+--------+--------+-----+--------+

Top non-repeatable levels by time:
     D:1: 1104 daAuts
     D:2: 773 daAuts
     D:3: 78 daAuts
